 Dungeon Crawl Stone Soup version 0.31.0-32-g396128a36d (webtiles) character file.

Game seed: 4318811717014514570

147 monsoonserge the Ruffian (level 5, -4/52 HPs)
             Began as an Octopode Shapeshifter on Apr 8, 2024.
             Slain by an iguana (9 damage)
             ... on level 5 of the Dungeon.
             The game lasted 00:07:36 (2876 turns).

monsoonserge the Ruffian (Octopode Shapeshifter)    Turns: 2876, Time: 00:07:36

Health: -4/52      AC: 22    Str: 21    XL:     5   Next: 29%
Magic:  0/5        EV:  2    Int: 13    God:
Gold:   124        SH:  0    Dex: 11    Spells: 4/4 levels left

rFire   . . .        o - +2 short sword (venom)
rCold   . . .        (no shield)
rNeg    . . .        (helmet currently unavailable)
rPois   +            m - amulet of guardian spirit
rElec   .            e - ring of poison resistance
rCorr   .            i - +6 ring of strength
SInv    .            (no ring)
Will    .....        (no ring)
Stlth   ++           (no ring)
HPRegen 0.28/turn    (no ring)
MPRegen 0.09/turn    (no ring)
                     (no ring)

%: guardian spirit
@: tree-form
A: stationary, stasis, torment immunity, boosted hp, almost no armour,
(amphibious), 8 rings, (camouflage 1), (gelatinous body 1), (nimble swimmer 1),
(tentacles)
a: no special abilities


You were on level 5 of the Dungeon.
You were a tree.
You visited 1 branch of the dungeon, and saw 5 of its levels.

You collected 124 gold pieces.

Inventory:

Hand Weapons
 o - a +2 short sword of venom (weapon)
Missiles
 q - 3 poisoned darts (quivered)
 v - 2 boomerangs
Jewellery
 e - a ring of poison resistance (left branch)
 i - a +6 ring of strength (right branch)
 m - an amulet of guardian spirit (around neck)
Talismans
 b - a beast talisman
 c - a flux talisman
Wands
 s - a wand of flame (16)
Scrolls
 d - 5 scrolls of teleportation {unknown}
 g - 2 scrolls of immolation {unknown}
 h - 2 scrolls of identify {unknown}
 k - a scroll of fear {unknown}
 n - a scroll of vulnerability {unknown}
 p - a scroll of acquirement {unknown}
 r - 2 scrolls of enchant armour {unknown}
 t - a scroll of enchant weapon {unknown}
 u - a scroll of amnesia {unknown}
Potions
 a - a potion of lignification
 f - 2 potions of mutation {unknown}
 j - 2 potions of curing {unknown}
 l - a potion of heal wounds {unknown}


   Skills:
 + Level 2.6 Fighting
 - Level 1.0 Short Blades
 + Level 0.8 Throwing
 + Level 2.9 Dodging
 + Level 2.8 Stealth
 - Level 3.4 Unarmed Combat
 + Level 0.9 Evocations
 - Level 3.0 Shapeshifting


You had 4 spell levels left.
You didn't know any spells.
Your spell library was empty.

Dungeon Overview and Level Annotations

Branches:
Dungeon (5/15)
 Temple: D:4-7

Altars:
Cheibriados
Fedhas
Kikubaaqudgha

Shops:
D:3 *

Annotations:
D:4 Menkaure
D:5 Ijyb


Innate Abilities, Weirdness & Mutations

You are a tree.
Your roots penetrate the ground, keeping you stationary.
You cannot be teleported.
You are immune to unholy pain and torment.
Your maximum health is greatly increased.
You cannot wear most types of armour.
((You are amphibious.))
You can wear up to eight rings at the same time.
((Your skin changes colour to match your surroundings (Stealth+).))
((Your rubbery body absorbs attacks. (AC +1, EV +1)))
((You are camouflaged when in or above water. (Stealth+)))
((You have tentacles for arms and can constrict up to eight enemies at once.))


Message History

* * * LOW HITPOINT WARNING * * *
The grasping roots constrict you.
* * * LOW HITPOINT WARNING * * *
Unknown command.
Your transformation has ended.
You turn into a tree.
Your roots penetrate the ground.
You lose your grip on the orc.
The iguana hisses menacingly.
The orc hits you but does no damage. Ijyb hits you but does no damage.
The grasping roots constrict you.
The grasping roots release their grip on you.
You hit the orc.
You kill the orc!
Ijyb zaps a wand.
The roots erupt in riotous growth!
The grasping roots grab you!
Ijyb is unaffected.
The grasping roots constrict you.
Unknown command.
You hit Ijyb.
Ijyb is poisoned.
Ijyb is lightly wounded.
Ijyb hits you but does no damage. The grasping roots constrict you.
You hit Ijyb.
Ijyb looks as sick as possible!
Ijyb is heavily wounded.
The adder bites you but does no damage. Ijyb hits you but does no damage.
The grasping roots constrict you. The iguana bites you.
* * * LOW HITPOINT WARNING * * *
The grasping roots release their grip on you.
You barely miss Ijyb.
Ijyb is heavily wounded.
The adder bites you but does no damage.
The iguana bites you but does no damage.
Ijyb hits you but does no damage. The adder bites you but does no damage.
You closely miss Ijyb.
Ijyb is heavily wounded.
Ijyb hits you but does no damage.
The iguana bites you but does no damage.
The adder bites you but does no damage.
You closely miss Ijyb.
Ijyb is almost dead.
The adder bites you but does no damage. The iguana bites you!
You die...

.. ..##.. .###..#.####
..# ...... #######.#
#...# .......###..#
#####..........#########
..........$.............
......l........#########
......g♣)......#...#
.....$S.)......#.#.#
.....#########.#.#.#
.... ..#.#.#### ...
###.#....# .. #.<###.# .
#..# #.## #..# #... #..#
####


You could see Ijyb (extremely poisoned), an iguana and an adder.

Vanquished Creatures
  Natasha (D:4)
  An orc wizard (D:3)
  3 adders
  A ribbon worm (D:3)
  11 orcs
  3 ball pythons
  6 bats
  3 endoplasms
  3 giant cockroaches
  3 goblins
  7 hobgoblins
  6 kobolds
  2 frilled lizards (D:3)
  6 rats
56 creatures vanquished.

Notes
Turn   | Place    | Note
-------+----------+-------------------------------------------
     0 | D:1      | monsoonserge the Octopode Shapeshifter began the quest for
                  | the Orb.
     0 | D:1      | Reached XP level 1. HP: 13/13 MP: 1/1
   231 | D:1      | Reached XP level 2. HP: 18/18 MP: 2/2
   645 | D:2      | Reached skill level 1 in Stealth
   761 | D:2      | Reached XP level 3. HP: 21/24 MP: 3/3
  1208 | D:3      | Found a blossoming altar of Fedhas.
  1224 | D:3      | Reached skill level 1 in Short Blades
  1224 | D:3      | Reached XP level 4. HP: 17/29 MP: 2/4
  1426 | D:3      | Found a faded altar of an unknown god.
  1520 | D:3      | Found Xilirchirr's General Store.
  1590 | D:3      | Found an ancient bone altar of Kikubaaqudgha.
  1881 | D:3      | Found a snail-covered altar of Cheibriados.
  2526 | D:4      | Noticed Natasha
  2541 | D:4      | Killed Natasha
  2542 | D:4      | Reached XP level 5. HP: 29/35 MP: 3/5
  2688 | D:4      | Noticed Menkaure
  2783 | D:5      | Entered Level 5 of the Dungeon
  2864 | D:5      | Noticed Ijyb
  2876 | D:5      | Slain by an iguana

Illustrated notes

Levels and vault maps discovered:
D:1:      minmay_arrival_jagged, layout_rooms
D:2:      layout_basic, grunt_ministairs_7
D:3:      layout_basic, slow_altar_1, fedhas_altar_fruit_tree,
          general_overflow_altar, serial_shops, shop,
          shapermc_ecumenical_altar_mp_urbaneastern, glass_columns_a
D:4:      layout_layer_cave, uniq_natasha, uniq_menkaure
D:5:      layout_basic, st_stairs_14, grunt_ministairs_1, uniq_ijyb

Skill      XL: |  1  2  3 |
---------------+----------+-----
Stealth        | 1 2 |  2.8
Fighting       | 2 |  2.6
Short Blades   | 1 |  1.0
Throwing       | |  0.8
Dodging        | |  2.9
Unarmed Combat | |  3.4
Evocations     | |  0.9
Shapeshifting  | |  3.0

Action                     |  1- 3 |  4- 6 || total
---------------------------+-------+-------++-------
  Melee: Unarmed           |    34 |       ||    34
         Constrict         |    16 |    11 ||    27
         Tentacles         |    12 |     3 ||    15
         Short sword       |    15 |    45 ||    60
         Punch             |     3 |     1 ||     4
    Use: Potion            |       |     1 ||     1
   Stab: Sleeping          |     5 |     5 ||    10
 Armour: Skin              |    14 |    32 ||    46
  Dodge: Dodged            |    41 |    16 ||    57
